 Dungeon Crawl Stone Soup version 0.26.1-11-gd32895ea62 (webtiles) character file.

Game seed: 16285498471455810212

47 MyelinatedAxon the Gusty (level 3, -6/24 HPs)
             Began as a Demonspawn Air Elementalist on Apr 18, 2021.
             Mangled by Sigmund
             ... wielding a +0 scythe
              (12 damage)
             ... on level 2 of the Dungeon.
             The game lasted 00:03:21 (1535 turns).

MyelinatedAxon the Gusty (DsAE)                     Turns: 1535, Time: 00:03:22

Health: -6/24      AC:  3    Str:  8    XL:     3   Next: 48%
Magic:  12/16      EV: 12    Int: 17    God:
Gold:   16         SH:  0    Dex: 13    Spells: 1/7 levels left

rFire    + . .     SeeInvis .   i - +1 dagger (venom)
rCold    . . .     Faith    .   (no shield)
rNeg     . . .     Spirit   .   a - +0 robe
rPois    .         Reflect  .   (no helmet)
rElec    .         Harm     .   (no cloak)
rCorr    .         Rampage  .   (no gloves)
Will     .....                  (no boots)
Stlth    ++........             (no amulet)
HPRegen  0.08/turn              b - ring of magical power
MPRegen  0.15/turn              (no ring)

@: very slightly contaminated
A: rugged brown scales 1, fire resistance 1
a: no special abilities


You were on level 2 of the Dungeon.
You visited 1 branch of the dungeon, and saw 2 of its levels.

You collected 16 gold pieces.

Inventory:

Hand Weapons
 e - a +2 trident of protection
 i - a +1 dagger of venom (weapon)
Armour
 a - a +0 robe (worn)
 g - a +0 buckler
Jewellery
 b - a ring of magical power (left hand)
Scrolls
 f - a scroll of identify
Potions
 c - a potion of haste
 d - 3 potions of curing
 h - a potion of brilliance


   Skills:
 + Level 1.7 Dodging
 + Level 1.7 Stealth
 * Level 0.1 Shields
 * Level 2.9 Spellcasting
 * Level 1.2 Conjurations
 * Level 3.4 Air Magic


You had one spell level left.
You knew the following spells:

 Your Spells              Type           Power        Failure   Level
a - Shock                 Conj/Air       40%          7%          1
b - Swiftness             Air            14%          7%          2
c - Static Discharge      Conj/Air       10%          21%         3

Your spell library contained the following spells:

 Spells                   Type           Power        Failure   Level
 Airstrike                Air            7%           41%         4
 Lightning Bolt           Conj/Air       5%           88%         5


Dungeon Overview and Level Annotations

Branches:
Dungeon (2/15)

Altars:

Annotations:
D:2 Sigmund


Innate Abilities, Weirdness & Mutations

You are partially covered in rugged brown scales. (AC +1, +3% HP)
Your flesh is heat resistant. (rF+)


Message History

Sigmund shouts!
You barely miss Sigmund. Sigmund misses you.
You barely miss Sigmund. Sigmund hits you with a +0 scythe!
You hit Sigmund but do no damage.
Sigmund is poisoned.
Casting: Shock (safe; 7% risk of failure)
Confirm with . or Enter, or press ? or * to list all spells.
The spell is extremely dangerous to cast (21% risk of failure)!
Continue anyway?
You miscast Static Discharge.
You are very lightly contaminated with residual magic.
Nothing appears to happen.
Sigmund hits you with a +0 scythe!
* * * LOW HITPOINT WARNING * * *
Unknown command.
Casting: Static Discharge (extremely dangerous; 21% risk of failure)
Confirm with . or Enter, or press ? or * to list all spells.
Aiming: Shock (safe; 7% risk of failure)
Press: ? - help, Shift-Dir - straight line, f - Sigmund
Aim: Sigmund, wielding a +0 scythe and wearing a +0 robe (lightly wounded, very poisoned, 36% to evade)
The zap misses Sigmund.
Sigmund hits you with a +0 scythe!
Ouch! That really hurt!
You die...

###. #. #) #.
################.
#................
#.#############..
########...# #..
......@@.#.# #..
########.#.# #.#
#.# # #.# #.# #.#
#?. #.# ### #.#
#.# #.# #..


You could see Sigmund (very poisoned).

Vanquished Creatures
  An adder (D:2)
  A worm (D:2)
  A dart slug (D:2)
  An orc (D:2)
  2 giant cockroaches (D:2)
  6 goblins
  4 hobgoblins
  4 kobolds
  2 ball pythons (D:1)
  2 bats
  A frilled lizard (D:1)
  5 rats
30 creatures vanquished.

Notes
Turn   | Place    | Note
-------+----------+-------------------------------------------
     0 | D:1      | MyelinatedAxon the Demonspawn Air Elementalist began the
                  | quest for the Orb.
     0 | D:1      | Reached XP level 1. HP: 13/13 MP: 3/3
   285 | D:1      | Reached skill level 3 in Air Magic
   354 | D:1      | Gained mutation: Your flesh is heat resistant. (rF+)
                  | [demonic ancestry]
   354 | D:1      | Reached XP level 2. HP: 19/19 MP: 5/5
   383 | D:1      | Learned a level 2 spell: Swiftness
   990 | D:2      | Gained mutation: You are partially covered in rugged brown
                  | scales. (AC +1, +3% HP) [demonic ancestry]
   990 | D:2      | Reached XP level 3. HP: 16/24 MP: 6/6
   994 | D:2      | Learned a level 3 spell: Static Discharge
  1528 | D:2      | Noticed Sigmund
  1535 | D:2      | Mangled by Sigmund

Illustrated notes

Levels and vault maps discovered:
D:1:      dpeg_arrival_boxes_within_box, layout_rooms
D:2:      layout_basic, eino_curves_03, uniq_sigmund

Skill      XL: |  1 |
---------------+----+-----
Air Magic      | 3 |  3.4
Dodging        | |  1.7
Stealth        | |  1.7
Shields        | |  0.1
Spellcasting   | |  2.9
Conjurations   | |  1.2

Action                   || total
-------------------------++-------
Melee: Dagger            ||     7
 Cast: Shock             ||    58
  Use: Scroll            ||     4
Armor: Robe              ||     3
Dodge: Dodged            ||     7
